[ AOE2 MATCH · #505438448 ]
UnrankedKhmer vs Magyars
Player's team · WIN
Rival team · LOSS
[ REPLAY ANALYSIS · EXTRACTED FROM THE RECORDED GAME ]
Feudal
—
Castle
—
Imperial
—
| APM avg | 36.5 |
| APM peak | 84 |
| eAPM avg | 22.0 |
| Villagers / military | 67 / 27 |
Focus
⚔️ 24.9% · 🌾 75.1%
Spearman ×21 · Knight ×4 · Scout Cavalry ×2
Feudal
—
Castle
—
Imperial
—
| APM avg | 30.6 |
| APM peak | 74 |
| eAPM avg | 10.9 |
| Villagers / military | 49 / 11 |
Focus
⚔️ 19.3% · 🌾 80.7%
Knight ×5 · Scout Cavalry ×3 · Mangonel ×2 · Spearman ×1
Match map
Initial resources + every placement click. Lines = walls · curves = elevation contours. ◆ gold · ⬟ stone · ● berries · ✦ relic · ◌ wall gap
Your base· ✓ Closed at 19:17 · 54t walls · 1 gate(s)
joaco.modon's base· ✓ Closed at 18:01 · 38t walls · no gate
Smoothed initial terrain · ◌ = detected wall gap · hover for details
Inputs per minute
— ManyKitten76428 - - joaco.modon
Build order — ManyKitten76428
First 150 of 178 actions detected
| 0:01 | Queue | Villager (Male) |
| 0:02 | Queue | Villager (Male) |
| 0:02 | Queue | Villager (Male) |
| 0:02 | Queue | Villager (Male) |
| 0:02 | Queue | Villager (Male) |
| 0:02 | Queue | Villager (Male) |
| 0:02 | Queue | Villager (Male) |
| 0:02 | Queue | Villager (Male) |
| 0:02 | Queue | Villager (Male) |
| 0:02 | Queue | Villager (Male) |
| 0:02 | Queue | Villager (Male) |
| 0:04 | Build | House |
| 0:06 | Build | House |
| 1:15 | Queue | Villager (Male) |
| 1:15 | Queue | Villager (Male) |
| 1:57 | Queue | Villager (Male) |
| 1:57 | Queue | Villager (Male) |
| 2:30 | Queue | Villager (Male) |
| 2:30 | Queue | Villager (Male) |
| 2:33 | Build | Lumber Camp |
| 2:43 | Queue | Villager (Male) |
| 2:44 | Queue | Villager (Male) |
| 3:08 | Queue | Villager (Male) |
| 3:09 | Queue | Villager (Male) |
| 3:25 | Build | House |
| 3:33 | Queue | Villager (Male) |
| 3:33 | Queue | Villager (Male) |
| 3:40 | Queue | Villager (Male) |
| 3:40 | Queue | Villager (Male) |
| 4:02 | Build | House |
| 4:36 | Queue | Villager (Male) |
| 4:37 | Queue | Villager (Male) |
| 4:37 | Queue | Villager (Male) |
| 4:50 | Build | Palisade Wall |
| 5:04 | Queue | Villager (Male) |
| 5:05 | Queue | Villager (Male) |
| 5:05 | Queue | Villager (Male) |
| 5:33 | Build | Mill |
| 6:13 | Build | Palisade Wall |
| 6:23 | Build | Palisade Wall |
| 6:39 | Research | Loom |
| 7:14 | Research | Feudal Age |
| 7:23 | Build | House |
| 7:34 | Queue | Villager (Male) |
| 7:38 | Queue | Villager (Male) |
| 7:55 | Build | Mill |
| 8:09 | Build | Palisade Wall |
| 8:11 | Build | Palisade Wall |
| 8:25 | Build | Palisade Wall |
| 8:27 | Build | Palisade Wall |
| 8:29 | Build | Palisade Wall |
| 8:53 | Build | Palisade Wall |
| 9:28 | Build | Stable |
| 9:34 | Research | Double-Bit Axe |
| 9:52 | Queue | Villager (Male) |
| 10:15 | Queue | Villager (Male) |
| 10:21 | Build | Blacksmith |
| 10:25 | Build | House |
| 10:32 | Queue | Scout Cavalry |
| 10:32 | Queue | Scout Cavalry |
| 10:46 | Research | Horse Collar |
| 10:57 | Queue | Villager (Male) |
| 11:24 | Queue | Villager (Male) |
| 11:28 | Build | Farm |
| 11:31 | Build | Farm |
| 11:34 | Build | Farm |
| 11:42 | Queue | Villager (Male) |
| 11:42 | Queue | Villager (Male) |
| 11:42 | Queue | Villager (Male) |
| 11:43 | Queue | Villager (Male) |
| 12:03 | Build | Palisade Wall |
| 12:06 | Build | Palisade Wall |
| 12:39 | Build | Palisade Wall |
| 12:40 | Build | Palisade Wall |
| 12:41 | Build | Palisade Wall |
| 12:47 | Build | Palisade Wall |
| 13:04 | Build | House |
| 13:08 | Build | Palisade Wall |
| 13:09 | Build | Palisade Wall |
| 13:19 | Queue | Villager (Male) |
| 13:19 | Queue | Villager (Male) |
| 13:19 | Queue | Villager (Male) |
| 13:31 | Build | House |
| 13:41 | Build | Palisade Wall |
| 13:42 | Build | Palisade Wall |
| 13:45 | Build | Palisade Wall |
| 14:01 | Build | House |
| 14:09 | Build | Farm |
| 14:11 | Build | Farm |
| 14:14 | Build | Farm |
| 14:20 | Build | Palisade Wall |
| 14:45 | Build | Farm |
| 14:46 | Build | Farm |
| 14:48 | Build | Farm |
| 14:53 | Build | Farm |
| 14:56 | Queue | Villager (Male) |
| 14:56 | Queue | Villager (Male) |
| 14:56 | Queue | Villager (Male) |
| 15:05 | Build | Barracks |
| 15:07 | Build | House |
| 15:14 | Build | Farm |
| 15:15 | Build | Farm |
| 15:28 | Queue | Villager (Male) |
| 15:28 | Queue | Villager (Male) |
| 15:28 | Queue | Villager (Male) |
| 15:43 | Build | House |
| 15:45 | Build | Palisade Wall |
| 16:17 | Build | House |
| 16:46 | Queue | Villager (Male) |
| 16:49 | Build | Lumber Camp |
| 17:01 | Build | Palisade Wall |
| 17:06 | Build | Lumber Camp |
| 17:09 | Build | House |
| 17:10 | Build | House |
| 17:20 | Queue | Villager (Male) |
| 17:20 | Queue | Villager (Male) |
| 17:21 | Queue | Villager (Male) |
| 17:21 | Queue | Villager (Male) |
| 17:26 | Build | Mining Camp |
| 17:41 | Queue | Villager (Male) |
| 17:47 | Queue | Villager (Male) |
| 18:08 | Build | House |
| 18:12 | Build | House |
| 18:28 | Queue | Spearman |
| 18:28 | Queue | Spearman |
| 18:28 | Queue | Spearman |
| 18:29 | Queue | Spearman |
| 18:45 | Build | Palisade Wall |
| 18:56 | Build | Palisade Gate |
| 19:06 | Build | Farm |
| 19:07 | Build | Farm |
| 19:17 | Research | Castle Age |
| 19:17 | Research | Castle Age |
| 20:02 | Build | Palisade Wall |
| 21:12 | Queue | Villager (Male) |
| 21:13 | Queue | Villager (Male) |
| 21:26 | Build | House |
| 21:35 | Build | Lumber Camp |
| 21:46 | Build | Barracks |
| 22:02 | Build | Barracks |
| 22:14 | Build | House |
| 22:25 | Research | Pikeman (upgrade) |
| 22:27 | Queue | Spearman |
| 22:27 | Queue | Spearman |
| 22:28 | Queue | Spearman |
| 22:28 | Queue | Spearman |
| 22:39 | Build | Town Center |
| 22:44 | Build | Palisade Wall |
| 22:56 | Queue | Spearman |
| 22:56 | Queue | Spearman |
Build order — joaco.modon
120 actions detected in the replay
| 0:01 | Queue | Villager (Male) |
| 0:01 | Queue | Villager (Male) |
| 0:02 | Queue | Villager (Male) |
| 0:03 | Build | House |
| 0:04 | Queue | Villager (Male) |
| 0:04 | Queue | Villager (Male) |
| 0:06 | Build | House |
| 1:39 | Queue | Villager (Male) |
| 1:39 | Queue | Villager (Male) |
| 1:49 | Build | Lumber Camp |
| 2:00 | Queue | Villager (Male) |
| 2:00 | Queue | Villager (Male) |
| 2:15 | Queue | Villager (Male) |
| 2:16 | Queue | Villager (Male) |
| 2:52 | Queue | Villager (Male) |
| 2:52 | Queue | Villager (Male) |
| 3:14 | Queue | Villager (Male) |
| 3:15 | Queue | Villager (Male) |
| 3:38 | Queue | Villager (Male) |
| 3:38 | Queue | Villager (Male) |
| 3:53 | Build | House |
| 3:58 | Build | Mill |
| 4:09 | Queue | Villager (Male) |
| 4:09 | Queue | Villager (Male) |
| 4:10 | Queue | Villager (Male) |
| 4:37 | Build | House |
| 4:53 | Queue | Villager (Male) |
| 4:54 | Queue | Villager (Male) |
| 4:54 | Queue | Villager (Male) |
| 4:54 | Queue | Villager (Male) |
| 5:47 | Queue | Villager (Male) |
| 5:50 | Research | Loom |
| 6:09 | Queue | Villager (Male) |
| 6:10 | Queue | Villager (Male) |
| 7:09 | Research | Feudal Age |
| 7:29 | Build | Barracks |
| 7:32 | Build | House |
| 8:43 | Queue | Villager (Male) |
| 9:24 | Build | Stable |
| 9:42 | Queue | Villager (Male) |
| 9:51 | Build | House |
| 10:06 | Queue | Scout Cavalry |
| 10:07 | Queue | Scout Cavalry |
| 10:08 | Queue | Scout Cavalry |
| 10:15 | Queue | Villager (Male) |
| 10:16 | Queue | Villager (Male) |
| 10:25 | Research | Double-Bit Axe |
| 10:31 | Build | House |
| 10:36 | Build | Palisade Wall |
| 10:41 | Build | Palisade Wall |
| 11:03 | Build | Farm |
| 11:14 | Queue | Spearman |
| 11:23 | Build | Palisade Wall |
| 11:25 | Queue | Villager (Male) |
| 11:25 | Queue | Villager (Male) |
| 11:28 | Build | Farm |
| 11:28 | Build | Farm |
| 11:28 | Build | Farm |
| 11:29 | Build | Farm |
| 11:30 | Build | Farm |
| 11:51 | Research | Horse Collar |
| 11:57 | Queue | Villager (Male) |
| 12:43 | Queue | Villager (Male) |
| 12:43 | Queue | Villager (Male) |
| 12:46 | Build | Farm |
| 12:48 | Build | Farm |
| 13:06 | Build | House |
| 13:13 | Build | Lumber Camp |
| 14:18 | Queue | Villager (Male) |
| 14:18 | Queue | Villager (Male) |
| 14:23 | Build | Market |
| 14:29 | Build | Farm |
| 14:32 | Build | Farm |
| 14:44 | Queue | Villager (Male) |
| 14:46 | Build | Farm |
| 14:46 | Build | Farm |
| 14:46 | Build | Farm |
| 14:49 | Build | Farm |
| 15:00 | Build | Blacksmith |
| 15:05 | Build | House |
| 15:07 | Queue | Villager (Male) |
| 15:35 | Build | Farm |
| 15:41 | Build | Farm |
| 15:44 | Build | Farm |
| 15:45 | Queue | Villager (Male) |
| 16:03 | Build | Mining Camp |
| 16:43 | Queue | Villager (Male) |
| 16:53 | Build | Palisade Wall |
| 17:00 | Build | House |
| 17:07 | Queue | Villager (Male) |
| 18:01 | Research | Castle Age |
| 18:02 | Research | Castle Age |
| 18:36 | Build | Palisade Gate |
| 19:09 | Research | Scale Barding Armor |
| 19:12 | Research | Bloodlines |
| 20:06 | Build | Stable |
| 20:15 | Queue | Villager (Male) |
| 20:16 | Queue | Villager (Male) |
| 21:04 | Build | Siege Workshop |
| 21:10 | Research | Husbandry |
| 21:13 | Queue | Knight |
| 21:13 | Queue | Knight |
| 21:14 | Queue | Knight |
| 21:16 | Queue | Villager (Male) |
| 21:16 | Queue | Villager (Male) |
| 21:25 | Queue | Knight |
| 21:25 | Queue | Knight |
| 21:31 | Research | Gold Mining |
| 21:49 | Research | Bow Saw |
| 21:57 | Build | Farm |
| 21:57 | Build | Farm |
| 21:57 | Build | Farm |
| 21:58 | Build | Farm |
| 22:07 | Queue | Mangonel |
| 22:07 | Queue | Mangonel |
| 22:14 | Build | House |
| 22:30 | Queue | Villager (Male) |
| 22:31 | Queue | Villager (Male) |
| 22:46 | Build | Farm |
| 22:52 | Build | Mining Camp |
Match timeline
| 4:50 | ManyKitten76428 · wall_segment Palisade Wall x5 |
| 6:13 | ManyKitten76428 · wall_segment Palisade Wall x3 |
| 6:23 | ManyKitten76428 · wall_segment Palisade Wall x5 |
| 7:29 | joaco.modon · first_building Barracks |
| 8:09 | ManyKitten76428 · wall_segment Palisade Wall x8 |
| 8:11 | ManyKitten76428 · wall_segment Palisade Wall x1 |
| 8:25 | ManyKitten76428 · wall_segment Palisade Wall x1 |
| 8:27 | ManyKitten76428 · wall_segment Palisade Wall x1 |
| 8:29 | ManyKitten76428 · wall_segment Palisade Wall x1 |
| 8:53 | ManyKitten76428 · wall_segment Palisade Wall x4 |
| 9:24 | joaco.modon · first_building Stable |
| 9:28 | ManyKitten76428 · first_building Stable |
| 10:36 | joaco.modon · wall_segment Palisade Wall x4 |
| 10:41 | joaco.modon · wall_segment Palisade Wall x7 |
| 11:23 | joaco.modon · wall_segment Palisade Wall x12 |
| 12:03 | ManyKitten76428 · wall_segment Palisade Wall x1 |
| 12:06 | ManyKitten76428 · wall_segment Palisade Wall x8 |
| 12:39 | ManyKitten76428 · wall_segment Palisade Wall x1 |
| 12:40 | ManyKitten76428 · wall_segment Palisade Wall x1 |
| 12:41 | ManyKitten76428 · wall_segment Palisade Wall x1 |
| 12:47 | ManyKitten76428 · wall_segment Palisade Wall x1 |
| 13:08 | ManyKitten76428 · wall_segment Palisade Wall x1 |
| 13:09 | ManyKitten76428 · wall_segment Palisade Wall x1 |
| 13:41 | ManyKitten76428 · wall_segment Palisade Wall x1 |
| 13:42 | ManyKitten76428 · wall_segment Palisade Wall x1 |
| 13:45 | ManyKitten76428 · wall_segment Palisade Wall x1 |
| 14:20 | ManyKitten76428 · wall_segment Palisade Wall x1 |
| 15:05 | ManyKitten76428 · first_building Barracks |
| 15:45 | ManyKitten76428 · wall_segment Palisade Wall x1 |
| 16:53 | joaco.modon · wall_segment Palisade Wall x15 |
| 17:01 | ManyKitten76428 · wall_segment Palisade Wall x1 |
| 18:45 | ManyKitten76428 · wall_segment Palisade Wall x4 |
| 20:02 | ManyKitten76428 · wall_segment Palisade Wall x8 |
| 21:04 | joaco.modon · first_building Siege Workshop |
| 22:44 | ManyKitten76428 · wall_segment Palisade Wall x1 |
| 25:17 | ManyKitten76428 · first_building Monastery |
| 25:55 | joaco.modon · resign |
[ AI ANALYSIS · 1 CREDIT ]
What really happened in this match?
Wolo.gg analyzes every decision: build order, eco, micro, common mistakes by bracket. Personalized analysis on WhatsApp or Discord in 30 seconds.
Civ guide
Khmer
Perfil
Jugador #15948060